[Event "Team 45 45 League T53"]
[Site "Internet Chess Club"]
[Date "2012.06.26"]
[Round "6"]
[White "Inquisiteur"]
[Black "subterfuge"]
[Result "1-0"]
[WhiteElo "1820"]
[BlackElo "1718"]
[Opening "Caro-Kann: Tartakower (fantasy) variation"]
[ECO "B12"]
[Time "17:00:35"]
[TimeControl "2700+45"]

1. e4 c6 2. d4 d5 3. f3 dxe4 4. fxe4 Nf6 5. Nc3 Bg4 6. Nf3 e6 7. Be3 Bb4 8. Bd3
Nbd7 9. O-O Qc7 10. a3 Be7 11. Qd2 e5 12. Bc4 Bh5 13. b4 O-O 14. Rab1 Rad8 15.
d5 Nb6 16. Bb3 Bg6 17. Qf2 Nxe4 18. Nxe4 Bxe4 19. dxc6 Bd6 20. Ng5 Bg6 21. cxb7
Rd7 22. Rbd1 h6 23. Nf3 Kh7 24. Rxd6 Qxd6 25. Bc5 Qb8 26. Bxf8 e4 27. Bc5 exf3
28. Qxf3 Rxb7 29. Bd4 Re7 30. Bxg7 Nd7 31. Bd4 Qd6 32. c3 Ne5 33. Qa8 Bd3 34.
Rf2 Nc4 35. Qh8+ Kg6 36. Qg7+ Kh5 37. g4+ Kh4 38. Bf6+ Qxf6 39. Qxf6+ Kh3 40.
Qxh6+ Kxg4 41. Rf4# {Black checkmated} 1-0

[Event "Team 45 45 League T53"]
[Site "Internet Chess Club"]
[Date "2012.06.25"]
[Round "6"]
[White "dschesq"]
[Black "MinnArkie"]
[Result "0-1"]
[WhiteElo "1566"]
[BlackElo "1583"]
[Opening "Réti opening"]
[ECO "A30"]
[Time "20:04:31"]
[TimeControl "2700+45"]

1. Nf3 c5 2. c4 Nf6 3. g3 g6 4. Bg2 Bg7 5. d4 cxd4 6. Nxd4 O-O 7. Nc3 a6 8. O-O
Nc6 9. h3 Qb6 10. Nb3 d6 11. Be3 Qb4 12. Rc1 Be6 13. Nd5 Bxd5 14. cxd5 Ne5 15.
Bd2 Qb5 16. Nd4 Qxb2 17. Bc3 Qxa2 18. Nb3 Qa4 19. Ra1 Qc4 20. Bxe5 dxe5 21. Na5
Qc7 22. Qb3 Rab8 23. Rfc1 Qd7 24. Ra2 e4 25. Rac2 Qxd5 26. Qxd5 Nxd5 27. Bxe4
Nc3 28. Rxc3 Bxc3 29. Rxc3 b5 30. Rc7 e6 31. Nc6 Rb6 32. Ra7 b4 33. h4 b3 34. f3
b2 35. Ne7+ Kg7 36. Bb1 Re8 37. g4 a5 38. h5 gxh5 39. gxh5 a4 40. f4 a3 41. f5
Kf6 42. fxe6 Rxe7 43. Rxa3 fxe6 44. Rf3+ Kg5 45. Kf2 Rc7 46. Rg3+ Kh6 47. Rg1
Rc1 {White resigns} 0-1

[Event "Team 45 45 League T53"]
[Site "Internet Chess Club"]
[Date "2012.06.22"]
[Round "6"]
[White "Tjet"]
[Black "akshayk06"]
[Result "1-0"]
[WhiteElo "1461"]
[BlackElo "1430"]
[Opening "English: Caro-Kann defensive system"]
[ECO "A11"]
[Time "20:30:24"]
[TimeControl "2700+45"]

1. c4 c6 2. Nc3 Nf6 3. Nf3 e6 4. g3 Bc5 5. e3 d5 6. d4 Bb4 7. a3 Bxc3+ 8. bxc3
Qa5 9. Bb2 Ne4 10. Qc2 O-O 11. c5 Qd8 12. Bd3 f5 13. O-O Nd7 14. Bxe4 fxe4 15.
Nh4 g5 16. Ng2 Qf6 17. Qe2 Qh6 18. f4 Nf6 19. fxg5 Qxg5 20. Rf4 Bd7 21. Raf1 Be8
22. Qf2 Kg7 23. Bc1 Bh5 24. h3 Bf3 25. Nh4 Nh5 26. Kh2 Nxf4 27. gxf4 Qh5 28.
Nxf3 Qxf3 29. Qg1+ Kf7 30. Rxf3 exf3 31. Qf2 Rg8 32. Qxf3 Rg6 33. f5 exf5 34.
Qxf5+ Ke7 35. Qe5+ Kf7 36. Qf5+ Ke7 37. e4 Rag8 38. Qf2 dxe4 39. Bf4 Ke6 40. Be5
Kd5 41. Qf7+ {Black resigns} 1-0

[Event "Team 45 45 League T53"]
[Site "Internet Chess Club"]
[Date "2012.06.23"]
[Round "6"]
[White "Visin"]
[Black "AtomicDog"]
[Result "0-1"]
[WhiteElo "1217"]
[BlackElo "1395"]
[Opening "Van't Kruijs opening"]
[ECO "A00"]
[Time "09:03:50"]
[TimeControl "2700+45"]

1. e3 e5 2. g3 c6 3. Bg2 d5 4. d3 Nf6 5. Ne2 Bd6 6. b3 O-O 7. O-O Bf5 8. c4 Nbd7
9. Nbc3 Nb6 10. Bb2 Bc7 11. c5 Nc8 12. d4 e4 13. b4 Qd7 14. a4 Bh3 15. b5 Bxg2
16. Kxg2 Ne7 17. f3 exf3+ 18. Rxf3 h5 19. e4 Nxe4 20. Nxe4 dxe4 21. Rf1 h4 22.
Nc3 Nf5 23. Nxe4 Ne3+ {White resigns} 0-1

[Event "Team 45 45 League T53"]
[Site "Internet Chess Club"]
[Date "2012.06.24"]
[Round "6"]
[White "cedricsenez"]
[Black "arconia"]
[Result "1-0"]
[WhiteElo "1187"]
[BlackElo "1301"]
[Opening "Sicilian defense"]
[ECO "B44"]
[Time "14:00:09"]
[TimeControl "2700+45"]

1. e4 c5 2. Nf3 Nc6 3. d4 cxd4 4. Nxd4 e6 5. Bc4 d6 6. Nc3 a6 7. O-O Be7 8. Be3
Nf6 9. Bb3 O-O 10. Qe2 e5 11. Nf3 Bg4 12. Rad1 d5 13. Bxd5 Qc7 14. a3 Rad8 15.
Bb3 h6 16. h3 Be6 17. Rxd8 Rxd8 18. Bxe6 fxe6 19. Nh4 Nd4 20. Bxd4 exd4 21. Na2
Kh7 22. Nc1 Qc6 23. Re1 e5 24. Nf5 Bf8 25. Nd3 Qc7 26. f3 g6 27. Ng3 Bd6 28. Qd2
Rg8 29. h4 Qg7 30. c3 Nh5 31. Nxh5 gxh5 32. Rc1 Be7 33. cxd4 Bxh4 34. Qe2 Bg3
35. d5 h4 36. d6 h3 37. Rc7 h2+ 38. Kh1 {Black resigns} 1-0

[Event "Team 45 45 League T53"]
[Site "Internet Chess Club"]
[Date "2012.06.23"]
[Round "6"]
[White "chesskix"]
[Black "iceface"]
[Result "1-0"]
[WhiteElo "1509"]
[BlackElo "1567"]
[Opening "QGD Slav: 4.Nc3"]
[ECO "D15"]
[Time "20:01:55"]
[TimeControl "2700+45"]

1. Nf3 d5 2. c4 c6 3. d4 Nf6 4. Nc3 Bf5 5. cxd5 Nxd5 6. g3 e6 7. Bg2 h6 8. O-O
Be7 9. Bd2 O-O 10. Qc1 Nf6 11. e3 Nbd7 12. a3 Re8 13. b4 Rc8 14. Qb2 Qb6 15. Na4
Qb5 16. Nc3 Qb6 17. Rac1 Bd6 18. Rfd1 e5 19. Bf1 Bg4 20. Na4 Qd8 21. Nxe5 Nxe5
22. dxe5 Bxe5 23. Qc2 Bxd1 24. Rxd1 Qe7 25. Nc5 b6 26. Nd3 Bd6 27. Nf4 Ne4 28.
Qa2 Nxd2 29. Rxd2 Bxf4 30. exf4 Red8 31. Re2 Qd6 32. Bh3 Rc7 33. Bg4 Re7 34. Bh5
Rdd7 35. Rc2 Re1+ 36. Kg2 Qd5+ 37. Bf3 Qxa2 38. Rxa2 Rc1 39. Re2 Kf8 40. Re3 c5
41. Bc6 Rd6 42. Re8# {Black checkmated} 1-0

[Event "Team 45 45 League T53"]
[Site "Internet Chess Club"]
[Date "2012.06.24"]
[Round "6"]
[White "tyler66"]
[Black "julesraider"]
[Result "0-1"]
[WhiteElo "1403"]
[BlackElo "1596"]
[Opening "French: exchange variation"]
[ECO "C01"]
[Time "20:01:25"]
[TimeControl "2700+45"]

1. e4 e6 2. d4 d5 3. exd5 exd5 4. Nc3 c6 5. Nf3 Bg4 6. h3 Bh5 7. Be2 Bd6 8. Bg5
f6 9. Be3 Nd7 10. Nd2 Bg6 11. Bh5 Qc7 12. Qe2 O-O-O 13. O-O-O Ne7 14. g3 Rde8
15. Qf3 Bxh5 16. Qxh5 Ng6 17. Rde1 Qa5 18. Nb3 Qc7 19. f4 Ne7 20. Bf2 g6 21. Qg4
f5 22. Qf3 Kb8 23. Re3 Nc8 24. Rhe1 Qd8 25. Qe2 Re7 26. Rxe7 Nxe7 27. Qd2 Re8
28. Re3 b6 29. Qe1 Nf6 30. Bg1 Neg8 31. Rxe8 Nxe8 32. Nd2 Ngf6 33. Nf3 Ne4 34.
Ne5 Qc7 35. a3 N8f6 36. Kb1 a5 37. Na2 c5 38. c3 Kb7 39. Bh2 cxd4 40. cxd4 Nh5
41. Nc3 Ng7 42. Qc1 Ne6 43. Qe3 Bxe5 44. fxe5 Qc4 45. Bg1 b5 46. Bh2 Nxd4 47.
Bg1 Nxc3+ 48. Qxc3 Qf1+ 49. Qc1 Qd3+ 50. Ka1 Nb3+ {White resigns} 0-1

[Event "Team 45 45 League T53"]
[Site "Internet Chess Club"]
[Date "2012.06.26"]
[Round "6"]
[White "KidRattler"]
[Black "chesschessboy"]
[Result "1-0"]
[WhiteElo "1470"]
[BlackElo "1377"]
[Opening "English: Sicilian reversed"]
[ECO "A25"]
[Time "13:58:25"]
[TimeControl "2700+45"]

1. c4 e5 2. Nc3 Nc6 3. g3 Nf6 4. Bg2 Bc5 5. e3 d6 6. Nge2 Be6 7. d4 exd4 8. exd4
Bb6 9. d5 Na5 10. dxe6 fxe6 11. Nf4 Qe7 12. O-O O-O 13. Ne4 Rab8 14. Nxf6+ Rxf6
15. b3 Nc6 16. Bb2 Rf5 17. Nxe6 Qxe6 18. Bd5 Rxd5 19. cxd5 Qe4 20. dxc6 Qxc6 21.
Qg4 g6 22. Qe6+ Kf8 23. Qf6+ Ke8 24. Rae1+ Kd7 25. Re7+ Kd8 26. Qf8+ Qe8 27.
Qxe8# {Black checkmated} 1-0

[Event "Team 45 45 League T53"]
[Site "Internet Chess Club"]
[Date "2012.06.21"]
[Round "6"]
[White "moodle"]
[Black "kingsrook"]
[Result "0-1"]
[WhiteElo "1305"]
[BlackElo "1246"]
[Opening "Caro-Kann defense"]
[ECO "B10"]
[Time "19:00:41"]
[TimeControl "2700+45"]

1. e4 c6 2. Nf3 d5 3. exd5 cxd5 4. Bb5+ Bd7 5. Bxd7+ Nxd7 6. d4 Ngf6 7. Nc3 e6
8. Bg5 Be7 9. O-O O-O 10. a4 a6 11. Ne5 Qc7 12. Nxd7 Qxd7 13. Qf3 Rac8 14. Rfc1
Rc4 15. Qd3 Rfc8 16. Ne2 h6 17. Bxf6 Bxf6 18. b3 R4c7 19. c4 e5 20. dxe5 Bxe5
21. Rab1 dxc4 22. Qxd7 Rxd7 23. Rxc4 Rcd8 24. g3 Rd2 25. Re4 f6 26. f4 Rd1+ 27.
Rxd1 Rxd1+ 28. Kf2 Bd6 29. Re8+ Kh7 30. Ra8 Bc5+ 31. Kf3 Rd3+ {White resigns}
0-1

[Event "Team 45 45 League T53"]
[Site "Internet Chess Club"]
[Date "2012.06.22"]
[Round "6"]
[White "JRussell2"]
[Black "clarinetref"]
[Result "0-1"]
[WhiteElo "1395"]
[BlackElo "1653"]
[Opening "Pirc: classical, h3 system"]
[ECO "A48"]
[Time "18:10:16"]
[TimeControl "2700+45"]

1. d4 Nf6 2. Nf3 g6 3. Nc3 Bg7 4. e4 d6 5. h3 O-O 6. Be2 Nc6 7. O-O e5 8. Be3
exd4 9. Bxd4 Nxd4 10. Nxd4 Re8 11. Bf3 c6 12. Re1 Qc7 13. Qd2 Be6 14. a3 Nd7 15.
Nxe6 Rxe6 16. Re2 Ne5 17. Bg4 Re7 18. Rd1 Rd8 19. Qe1 h5 20. Bf3 Qd7 21. Re3 Nc4
22. Re2 Nxb2 23. Rb1 Nc4 24. Rb3 b5 25. a4 a6 26. axb5 axb5 27. Nb1 Ra8 28. Nd2
Ra1 29. Rb1 Rxb1 30. Qxb1 Ne5 31. Qb3 c5 32. c4 b4 33. Re1 Bh6 34. Rd1 Re8 35.
Nf1 Ra8 36. Ne3 Ra3 37. Qc2 Nxf3+ 38. gxf3 Qxh3 39. Qe2 Bf4 {White resigns} 0-1

[Event "Team 45 45 League T53"]
[Site "Internet Chess Club"]
[Date "2012.06.25"]
[Round "6"]
[White "dscvdchk"]
[Black "matthewc"]
[Result "1-0"]
[WhiteElo "1473"]
[BlackElo "1304"]
[Opening "QGD semi-Slav: 5.e3"]
[ECO "D45"]
[Time "19:01:37"]
[TimeControl "2700+45"]

1. Nf3 Nf6 2. c4 e6 3. d4 d5 4. Nc3 c6 5. e3 Bb4 6. Bd3 Qa5 7. Bd2 Ne4 8. Nxe4
dxe4 9. Bxe4 Bxd2+ 10. Qxd2 Qh5 11. Qb4 Nd7 12. O-O c5 13. Qc3 cxd4 14. exd4 O-O
15. Rfe1 e5 16. dxe5 Re8 17. Bc2 g6 18. Re2 Nb6 19. h3 Be6 20. b3 Rac8 21. Qb2
Bxh3 22. gxh3 Qxf3 23. Be4 Qxh3 24. Bxb7 Rc5 25. Rae1 Nd7 26. Qd4 Nxe5 27. Qxc5
Qg4+ 28. Kf1 Nf3 29. Rxe8+ Kg7 30. Bxf3 Qxf3 31. Qd4+ f6 32. R1e7+ Kh6 33. Qe3+
Qxe3 {Black resigns} 1-0

[Event "Team 45 45 League T53"]
[Site "Internet Chess Club"]
[Date "2012.06.24"]
[Round "6"]
[White "Danny-ONeil"]
[Black "jjaillet2007"]
[Result "0-1"]
[WhiteElo "1211"]
[BlackElo "1344"]
[Opening "Queen's gambit declined"]
[ECO "D30"]
[Time "20:00:30"]
[TimeControl "2700+45"]

1. d4 d5 2. c4 e6 3. Nf3 c5 4. e3 Nc6 5. dxc5 Bxc5 6. Nc3 Nf6 7. a3 O-O 8. b4
Bd6 9. c5 Bb8 10. Bd3 Ne5 11. O-O Qc7 12. Bb2 Nxf3+ 13. Qxf3 Qxh2# {White
checkmated} 0-1

[Event "Team 45 45 League T53"]
[Site "Internet Chess Club"]
[Date "2012.06.23"]
[Round "6"]
[White "Aquaman"]
[Black "MeansToAnEnd"]
[Result "1/2-1/2"]
[WhiteElo "1313"]
[BlackElo "1428"]
[Opening "Réti: King's Indian attack"]
[ECO "A05"]
[Time "15:00:07"]
[TimeControl "2700+45"]

1. Nf3 Nf6 2. g3 g6 3. Bg2 Bg7 4. O-O O-O 5. d3 d5 6. Nbd2 e6 7. Re1 c5 8. e4
Nc6 9. c3 b6 10. h4 Ba6 11. Qc2 d4 12. c4 Nb4 13. Qb1 Ng4 14. Nf1 f5 15. e5 Rb8
16. N1h2 Bb7 17. Bf4 Bh6 18. Nxg4 Bxf4 19. Nf6+ Rxf6 20. exf6 Bc7 21. a3 Bxf3
22. Bxf3 Na6 23. Rxe6 Qf8 24. Bd5 Kh8 25. Qe1 Bd6 26. Qe2 Nc7 27. Re1 Nxe6 28.
Qxe6 h5 29. f7 Kg7 30. Qe8 a6 31. Qxf8+ Rxf8 32. Re8 Kf6 33. Rxf8 Bxf8 34. f4 a5
35. a4 Ke7 36. Kf2 Kd6 37. Ke2 Ke7 38. b3 Kd6 {Game drawn by mutual agreement}
1/2-1/2

[Event "Team 45 45 League T53"]
[Site "Internet Chess Club"]
[Date "2012.06.22"]
[Round "6"]
[White "PANAMA-REY"]
[Black "tryanything"]
[Result "0-1"]
[WhiteElo "1421"]
[BlackElo "1582"]
[Opening "two knights defense: Fritz variation"]
[ECO "C57"]
[Time "18:48:30"]
[TimeControl "2700+45"]

1. e4 e5 2. Nf3 Nc6 3. Bc4 Nf6 4. Ng5 d5 5. exd5 Nd4 6. c3 b5 7. cxd4 bxc4 8.
dxe5 Nxd5 9. d3 Bb4+ 10. Nc3 Nxc3 11. bxc3 Bxc3+ 12. Bd2 Qxd3 13. Bxc3 Qxc3+ 14.
Kf1 O-O 15. Nf3 Bg4 16. Rc1 Bxf3 17. gxf3 Qxe5 18. Rxc4 Rfd8 19. Qc1 Qb5 20. Kg2
Rd6 21. Re1 Rg6+ 22. Kh1 Qh5 23. Qe3 Re6 24. Re4 Rae8 25. Qd3 h6 26. Rxe6 Rxe6
27. Rc1 c5 28. Rb1 Re8 29. Rg1 c4 30. Qc3 g6 31. Rg3 Qd5 32. h4 Qd3 33. Qf6 Qf1+
34. Rg1 Qh3# {White checkmated} 0-1

[Event "Team 45 45 League T53"]
[Site "Internet Chess Club"]
[Date "2012.06.23"]
[Round "6"]
[White "JohLeb"]
[Black "emilyjuarez"]
[Result "0-1"]
[WhiteElo "1390"]
[BlackElo "1312"]
[Opening "QGD: 4.Nf3"]
[ECO "D37"]
[Time "19:00:33"]
[TimeControl "2700+45"]

1. d4 d5 2. c4 e6 3. Nf3 Nf6 4. Nc3 Be7 5. e3 O-O 6. Bd3 Nbd7 7. O-O b6 8. cxd5
Nxd5 9. Nxd5 exd5 10. Qc2 Nf6 11. Bd2 Be6 12. Ne5 Bd6 13. f4 c5 14. b3 Rc8 15.
Qb2 Qe7 16. Rac1 c4 17. bxc4 Ba3 18. Qb3 Bxc1 19. Rxc1 dxc4 20. Bxc4 Bxc4 21.
Rxc4 Rxc4 22. Qxc4 Qb7 23. Qd3 g6 24. Nc4 Qd5 25. a3 Rc8 26. Ne5 Ne4 27. Nf3 f6
28. Kf1 Qc4 29. Qxc4+ Rxc4 30. Ke2 Nxd2 31. Nxd2 Rc3 32. a4 Ra3 33. e4 Rxa4 34.
d5 Kf8 35. g4 Ke7 36. h4 f5 37. gxf5 gxf5 38. Ke3 Kd6 39. exf5 Kxd5 40. Kf3 h5
41. Ke3 Ra3+ 42. Kf2 a5 43. f6 Ke6 44. Ne4 Kf7 45. f5 Ra4 46. Kf3 Rxe4 47. Kxe4
Kxf6 {White resigns} 0-1

[Event "Team 45 45 League T53"]
[Site "Internet Chess Club"]
[Date "2012.06.26"]
[Round "6"]
[White "pereelcoix"]
[Black "theartist"]
[Result "1-0"]
[WhiteElo "1163"]
[BlackElo "1160"]
[Opening "French: Two knights variation"]
[ECO "C00"]
[Time "12:32:47"]
[TimeControl "2700+45"]

1. e4 e6 2. Nf3 d5 3. Nc3 c5 4. Bb5+ Nc6 5. Ne5 Ne7 6. O-O f6 7. Nxc6 Nxc6 8.
exd5 exd5 9. Qh5+ g6 10. Qxd5 Qxd5 11. Nxd5 Kf7 12. Bxc6 bxc6 13. Ne3 Be6 14. d3
Be7 15. b3 Rhd8 16. Bb2 Rab8 17. c4 Rb7 18. h3 Rxd3 19. Rad1 Rbd7 20. Rxd3 Rxd3
21. Rd1 Rxd1+ 22. Nxd1 Bd6 23. Ne3 Be5 24. Bxe5 fxe5 25. Ng4 Bxg4 26. hxg4 Kf6
27. f3 Kg5 28. Kf2 h5 29. gxh5 gxh5 30. Ke3 Kf5 31. g3 Kg5 32. Ke4 Kf6 33. a3 a6
34. b4 Ke6 35. bxc5 Kf6 36. f4 exf4 37. Kxf4 Kg6 38. Ke5 Kg5 39. Kd6 Kg4 40.
Kxc6 Kxg3 41. Kb6 h4 42. c6 h3 43. c7 h2 44. c8=Q h1=Q 45. Qxa6 Qh6+ 46. Kb5
Qg5+ 47. c5 Qf5 48. Qd6+ Kg4 49. Qd4+ Kg5 50. Kb6 Qb1+ 51. Qb4 Qg1 52. a4 Kf5
53. a5 Qg6+ 54. c6 Ke6 55. a6 Qg1+ 56. Qc5 Qb1+ 57. Ka7 Qh7+ 58. c7 Qd7 59. Qc4+
Kd6 60. Kb8 {Black resigns} 1-0

[Event "Team 45 45 League T53"]
[Site "Internet Chess Club"]
[Date "2012.06.21"]
[Round "6"]
[White "Patzer4Life"]
[Black "GideonL"]
[Result "1-0"]
[WhiteElo "1436"]
[BlackElo "1269"]
[Opening "French: Rubinstein variation"]
[ECO "C10"]
[Time "15:00:34"]
[TimeControl "2700+45"]

1. e4 e6 2. d4 d5 3. Nc3 dxe4 4. Nxe4 Nc6 5. Nf3 Be7 6. Bd3 Nf6 7. O-O Bd7 8.
Re1 O-O 9. Nxf6+ Bxf6 10. c3 Re8 11. Bf4 Ne7 12. Be5 Bxe5 13. Nxe5 Nc6 14. Bxh7+
Kf8 15. Nxd7+ Qxd7 16. Re3 Qe7 17. a3 g6 18. Rh3 Kg7 19. Qd2 Kf6 20. Qf4+ Kg7
21. Qh6+ Kh8 22. Bxg6+ Kg8 23. Qh8# {Black checkmated} 1-0

[Event "Team 45 45 League T53"]
[Site "Internet Chess Club"]
[Date "2012.06.23"]
[Round "6"]
[White "rgadoury"]
[Black "chicopee-ed"]
[Result "0-1"]
[WhiteElo "1221"]
[BlackElo "1339"]
[Opening "Bogo-Indian defense, Nimzovich variation"]
[ECO "E11"]
[Time "14:00:35"]
[TimeControl "2700+45"]

1. d4 Nf6 2. c4 e6 3. Nf3 Bb4+ 4. Bd2 Qe7 5. a3 Bxd2+ 6. Nbxd2 d6 7. e3 O-O 8.
Be2 e5 9. O-O Rd8 10. Qc2 h6 11. d5 Nbd7 12. b4 Nb6 13. a4 Bd7 14. b5 c6 15. a5
Nbxd5 16. cxd5 cxb5 17. e4 Rdc8 18. Qb3 a6 19. Ne1 Rc7 20. Nd3 Rac8 21. Rfc1 Qd8
22. Rxc7 Rxc7 23. f3 Qc8 24. Qb4 Ne8 25. Nb3 Rc4 26. Rc1 Rxb4 27. Rxc8 Rxb3 28.
Rxe8+ Bxe8 {White resigns} 0-1

[Event "Team 45 45 League T53"]
[Site "Internet Chess Club"]
[Date "2012.06.26"]
[Round "6"]
[White "Aquaman"]
[Black "tamky70"]
[Result "0-1"]
[WhiteElo "1300"]
[BlackElo "1398"]
[Opening "Réti opening"]
[ECO "A05"]
[Time "20:00:20"]
[TimeControl "2700+45"]

1. Nf3 Nf6 2. g3 d5 3. Bg2 e6 4. O-O Be7 5. d3 Nbd7 6. Nbd2 c6 7. e4 Nc5 8. e5
Nfd7 9. d4 Na6 10. c3 Nb6 11. Re1 Bd7 12. Nf1 c5 13. b3 c4 14. Be3 h6 15. Qc1
Ba3 16. Qxa3 cxb3 17. axb3 Nc7 18. Qc1 O-O 19. h4 a6 20. N1h2 Rc8 21. Ng4 Nb5
22. Nxh6+ Kh8 23. Ng4 Nxc3 24. Qd2 Ne4 25. Qb2 Bb5 26. Rac1 Qd7 27. Rxc8 Rxc8
28. Rc1 Kg8 29. Rxc8+ Nxc8 30. Ng5 Nb6 31. Nxe4 dxe4 32. Bxe4 Nd5 33. Bxd5 Qxd5
34. f4 Bc6 35. Qh2 Qf3 36. Qh3 Qd1+ 37. Kh2 Qh1# {White checkmated} 0-1

[Event "Team 45 45 League T53"]
[Site "Internet Chess Club"]
[Date "2012.06.23"]
[Round "6"]
[White "theartist"]
[Black "johnnyw"]
[Result "0-1"]
[WhiteElo "1178"]
[BlackElo "1055"]
[Opening "Queen's pawn game"]
[ECO "E10"]
[Time "12:31:49"]
[TimeControl "2700+45"]

1. d4 Nf6 2. c4 e6 3. Nf3 d5 4. e3 c6 5. Bd3 dxc4 6. Bxc4 b5 7. Bd3 Nbd7 8. O-O
a6 9. Qc2 h6 10. Qxc6 Ra7 11. Qc2 Bd6 12. e4 Bc7 13. Re1 O-O 14. Nc3 Re8 15. Bd2
e5 16. d5 Nf8 17. Be3 Bb6 18. Bxb6 Qxb6 19. h3 g5 20. g4 Ng6 21. Ne2 Rc7 22. Qd2
Kg7 23. Rac1 Rh8 24. Rxc7 Qxc7 25. Rc1 Qd7 26. Qb4 Nxg4 27. Qe1 Nf6 28. Qf1 g4
29. Nh2 gxh3 30. f3 Rg8 31. Kf2 Kh8 32. Ke3 Nh4 33. Ng1 Rg2 34. Ng4 Qa7+ 35. Rc5
Qxc5# {White checkmated} 0-1

[Event "Team 45 45 League T53"]
[Site "Internet Chess Club"]
[Date "2012.06.22"]
[Round "6"]
[White "otib2006"]
[Black "Cicero"]
[Result "1-0"]
[WhiteElo "1364"]
[BlackElo "1328"]
[Opening "Queen's pawn game"]
[ECO "D05"]
[Time "17:00:57"]
[TimeControl "2700+45"]

1. d4 Nf6 2. Nf3 d5 3. e3 e6 4. Bd3 c5 5. Ne5 c4 6. Be2 Bd6 7. b3 b5 8. Nc3 Bb4
9. Bd2 Ne4 10. Nxe4 Bxd2+ 11. Nxd2 c3 12. Bxb5+ Nd7 13. Ndf3 O-O 14. Nxd7 Bxd7
15. Bxd7 Qxd7 16. O-O f6 17. Qd3 Rac8 18. a4 e5 19. dxe5 fxe5 20. Nxe5 Qe6 21.
f4 Rf6 22. Nf3 Rh6 23. Ng5 Qb6 24. Qxd5+ {Black resigns} 1-0

[Event "Team 45 45 League T53"]
[Site "Internet Chess Club"]
[Date "2012.06.22"]
[Round "6"]
[White "arconia"]
[Black "malihini"]
[Result "1-0"]
[WhiteElo "1324"]
[BlackElo "1252"]
[Opening "Philidor's defense"]
[ECO "C41"]
[Time "19:01:39"]
[TimeControl "2700+45"]

1. e4 e5 2. Nf3 d6 3. Be2 Nf6 4. d3 Be7 5. O-O O-O 6. Nc3 Nbd7 7. h3 c6 8. Nh2
b5 9. Be3 a5 10. d4 Bb7 11. f4 b4 12. Nb1 Nxe4 13. Qe1 Bh4 14. Bf2 Bxf2+ 15.
Rxf2 Nxf2 16. Qxf2 Qf6 17. f5 exd4 18. Ng4 Qe7 19. Nd2 c5 20. Rf1 Ne5 21. f6
gxf6 22. Nxf6+ Kh8 23. Qh4 {Black resigns} 1-0

[Event "Team 45 45 League T53"]
[Site "Internet Chess Club"]
[Date "2012.06.27"]
[Round "6"]
[White "dabodhi"]
[Black "chips"]
[Result "1/2-1/2"]
[WhiteElo "1258"]
[BlackElo "1209"]
[Opening "Owen defense"]
[ECO "B00"]
[Time "15:00:41"]
[TimeControl "2700+45"]

1. e4 b6 2. d4 e6 3. e5 Bb7 4. Nf3 f6 5. exf6 Nxf6 6. Bg5 Be7 7. Bd3 h6 8. Bxf6
Bxf6 9. Bg6+ Ke7 10. O-O Bxf3 11. Qxf3 Nc6 12. Qa3+ d6 13. d5 Ne5 14. Be4 Nc4
15. Qb3 Bxb2 16. Qxc4 e5 17. Nc3 Bxa1 18. Rxa1 a6 19. Bg6 Rf8 20. Ne4 b5 21. Qe2
Qd7 22. h3 Kd8 23. Qg4 Qxg4 24. hxg4 Rf4 25. f3 Ke7 26. Bf5 Rc8 27. Kf2 c6 28.
Rd1 cxd5 29. Rxd5 Rxc2+ 30. Kf1 Rxe4 31. Bxe4 Rxa2 32. Bf5 Ra1+ 33. Kf2 b4 34.
Ke2 b3 35. Rd1 b2 36. Kd2 a5 37. Rb1 Rxb1 38. Bxb1 a4 39. Kc2 a3 40. Ba2 Kf6 41.
Kb3 Kg5 42. Kxa3 Kf4 43. Kxb2 Kg3 44. Bd5 Kxg2 45. Kc3 Kg3 46. Kd3 Kf4 47. Be4
Kg5 48. Kc4 g6 49. Kd5 h5 50. gxh5 gxh5 51. Kxd6 Kf4 52. Ke6 h4 53. Bf5 Kxf3 54.
Kxe5 Kg3 55. Ke4 h3 56. Bxh3 {Game drawn because neither player has mating
material} 1/2-1/2

[Event "Team 45 45 League T53"]
[Site "Internet Chess Club"]
[Date "2012.06.24"]
[Round "6"]
[White "Macovitski"]
[Black "CoasterBrake"]
[Result "1-0"]
[WhiteElo "1121"]
[BlackElo "1166"]
[Opening "Caro-Kann: Panov-Botvinnik attack, 5...e6"]
[ECO "B14"]
[Time "17:01:28"]
[TimeControl "2700+45"]

1. e4 c6 2. d4 d5 3. exd5 cxd5 4. c4 Nf6 5. Nc3 e6 6. Nf3 Nbd7 7. cxd5 exd5 8.
Bf4 Be7 9. Bd3 Nb6 10. O-O Bg4 11. Nb5 O-O 12. Rc1 a6 13. Bc7 Qd7 14. Bxb6 axb5
15. Rc7 Qd6 16. Rxb7 Rxa2 17. Qb1 Rfa8 18. Bc5 Qc6 19. Rxe7 R2a4 20. Ne5 Qc8 21.
Rxf7 Ra1 22. Qxa1 Rxa1 23. Rxa1 Be6 24. Rf8+ {Black resigns} 1-0

[Event "Team 45 45 League T53"]
[Site "Internet Chess Club"]
[Date "2012.06.27"]
[Round "6"]
[White "Just-Jim"]
[Black "sockmonkey"]
[Result "1-0"]
[WhiteElo "1378"]
[BlackElo "1390"]
[Opening "Queen's pawn game"]
[ECO "A45"]
[Time "17:00:06"]
[TimeControl "2700+45"]

1. d4 Nf6 2. Nc3 e6 3. a3 d5 4. Bg5 Be7 5. e3 O-O 6. f4 Nbd7 7. Nf3 c5 8. Qd2
Nb6 9. Bd3 Nc4 10. Bxc4 dxc4 11. Qe2 cxd4 12. exd4 Qc7 13. Ne5 Nd5 14. Qxc4 Qxc4
15. Nxc4 Bxg5 16. fxg5 Rd8 17. O-O Ne7 18. Ne2 Nf5 19. c3 b5 20. Ne5 f6 21. gxf6
gxf6 22. Nc6 Re8 23. g4 Ne3 24. Rxf6 Nxg4 25. Rf4 Ne3 26. Ne5 Bb7 27. Kf2 Nf5
28. Rg1+ Ng7 29. Nd7 Kh8 30. Rfg4 Re7 31. Ne5 Rf8+ 32. Ke1 Bf3 33. Rh4 Be4 34.
Rxe4 {Black resigns} 1-0

[Event "Team 45 45 League T53"]
[Site "Internet Chess Club"]
[Date "2012.06.23"]
[Round "6"]
[White "Check101"]
[Black "WilmaP"]
[Result "1-0"]
[WhiteElo "1519"]
[BlackElo "1086"]
[Opening "Caro-Kann: Panov-Botvinnik attack, 5...e6"]
[ECO "B14"]
[Time "13:02:26"]
[TimeControl "2700+45"]

1. e4 c6 2. d4 d5 3. exd5 cxd5 4. c4 Nf6 5. Nc3 e6 6. Nf3 Bb4 7. Qa4+ Nc6 8. Ne5
Bxc3+ 9. bxc3 O-O 10. Nxc6 bxc6 11. Qxc6 Bd7 12. Qc5 Ne4 13. Qa3 Qf6 14. Be3 Bc8
15. Be2 a5 16. f3 Qh4+ 17. g3 Nxg3 18. Bf2 dxc4 19. Bxg3 Qd8 20. Bxc4 Ba6 21.
Bxa6 Rxa6 22. Ke2 h6 23. Rag1 g6 24. Qc1 Kh7 25. h4 Qd5 26. Qc2 Qc4+ 27. Ke1 Rc8
28. Kd2 a4 29. h5 e5 30. hxg6+ Rxg6 31. Bxe5 Kg8 32. Rxg6+ fxg6 33. Qxg6+ Kf8
34. Bd6# {Black checkmated} 1-0

[Event "Team 45 45 League T53"]
[Site "Internet Chess Club"]
[Date "2012.06.24"]
[Round "6"]
[White "carolinaknight"]
[Black "Iowa-Archer"]
[Result "0-1"]
[WhiteElo "1196"]
[BlackElo "1417"]
[Opening "Sicilian defense"]
[ECO "B20"]
[Time "20:00:49"]
[TimeControl "2700+45"]

1. e4 c5 2. Bc4 e6 3. Nc3 d6 4. d3 Be7 5. Nf3 Nf6 6. h3 O-O 7. O-O Nbd7 8. a4
Nb6 9. Bb3 a6 10. Bd2 Qc7 11. a5 Nbd7 12. Ne2 b5 13. c4 Bb7 14. Ng3 bxc4 15.
Bxc4 d5 16. Bb3 dxe4 17. dxe4 Nxe4 18. Nxe4 Bxe4 19. Ng5 Bd5 20. Qc2 Bxg5 21.
Bxg5 Qb7 22. Ra3 Bxg2 23. Re1 Bxh3 24. Qe4 Qxe4 25. Rxe4 Bf5 26. Re1 Rab8 27.
Rd1 Ne5 28. Bf4 Nf3+ 29. Kg2 Be4 30. Bxb8 Rxb8 31. Ra2 {White resigns} 0-1